 Dungeon Crawl Stone Soup version 0.29-a0-555-g3b24f45cc1 (webtiles) character file.

Game seed: 11848301700077673121

27851 frimble the Carver (level 14, 0/126 HPs)
             Began as a Meteoran Ice Elementalist on June 7, 2022.
             Was a Believer of Ashenzari.
             Shot with an arrow by a centaur warrior (25 damage)
             ... on level 13 of the Dungeon.
             The game lasted 00:28:46 (5554 turns).

frimble the Carver (Meteoran Ice Elementalist)      Turns: 5554, Time: 00:28:46

Health: 0/126      AC: 18    Str: 10    XL:     14   Next: 6%
Magic:  26/30      EV: 14    Int: 21    God:    Ashenzari [**....]
Gold:   1384       SH:  9    Dex: 16    Spells: 9/21 levels left

rFire   . . .      SeeInvis +   C - +4 long sword (freeze)
rCold   . . .      Faith    .   U - +3 warlock's mirror {reflect}
rNeg    . . .      Spirit   .   D - +1 ring mail of Eternal Night {rPois Stlth+}
rPois   +          Reflect  +   B - +0 helmet "Omen of the Sky" {SInv, Alch, Fort} (curse)
rElec   .          Harm     .   n - +1 cloak "Eternal Incredulity" {Comp, Range} (curse)
rCorr   .          Rampage  .   l - +1 pair of gloves "Ensconced Together" {Bglg, Cun} (curse)
Will    +....                   (no boots)
Stlth   +.........              t - amulet of regeneration
HPRegen 1.11/turn               I - ring of the Mantic Prison {MP+9, Cun, Range} (curse)
MPRegen 0.22/turn               (no ring)

@: ice-armoured, freezing walls, glowing
A: sense surroundings 2, otherworldly, glowing, explore regen
a: Renounce Religion, Curse Item, Shatter the Chains


You were on level 13 of the Dungeon.
You worshipped Ashenzari.
Ashenzari was pleased with you.
You visited 2 branches of the dungeon, and saw 14 of its levels.
You visited the Abyss 1 time.
You also visited: Bailey.

You collected 1534 gold pieces.
You spent 150 gold pieces at shops.

Inventory:

Hand Weapons
 f - the +7 dagger of Linearity {freeze, Dex+4}
   (You found it on level 2 of the Dungeon)

   It freezes those it strikes, dealing additional cold damage.
   It can also slow down cold-blooded creatures.
   Dex:       It affects your dexterity (+4).
 r - a +2 dagger of venom
 C - a +4 long sword of freezing (weapon)
 R - a +1 scimitar of flaming
Missiles
 q - 10 javelins (quivered)
 y - 2 throwing nets
Armour
 l - the cursed +1 pair of gloves "Ensconced Together" (worn) {Bglg, Cun}
   (You found it on level 2 of the Dungeon)

   It has a curse which improves the following skills: Beguiling: Conjurations,
   Hexes and Translocations.
   Cunning:   Dodging and Stealth.
 n - the cursed +1 cloak "Eternal Incredulity" (worn) {Comp, Range}
   (You took it off Crazy Yiuf on level 2 of the Dungeon)

   It has a curse which improves the following skills: Companions: Summonings
   and Necromancy.
   Ranged Combat: Slings, Bows, Crossbows and Throwing.
 B - the cursed +0 helmet "Omen of the Sky" (worn) {SInv, Alch, Fort}
   (You bought it in a shop on level 7 of the Dungeon)

   It has a curse which improves the following skills: Alchemy: Poison Magic and
   Transmutations.
   Fortitude: Armour and Shields.
 D - the +1 ring mail of Eternal Night (worn) {rPois Stlth+}
   (You found it on level 7 of the Dungeon)

   rPois:     It protects you from poison.
   Stlth:     It makes you more stealthy.
 H - a +0 troll leather armour
 J - a +0 cloak
 N - a +0 kite shield
 Q - a +2 hat of see invisible
 U - the +3 warlock's mirror (worn) {reflect}
   (You found it on level 12 of the Dungeon)

   It can block and reflect piercing ranged attacks and magical attacks against
   the wielder's willpower.
 V - a +1 troll leather armour {Snorg}
Jewellery
 t - an amulet of regeneration (around neck)
 I - the cursed ring of the Mantic Prison (left hand) {MP+9, Cun, Range}
   (You found it on level 11 of the Dungeon)

   [ring of magical power]

   MP:        It affects your magic capacity (+9).
   It has a curse which improves the following skills: Cunning: Dodging and
   Stealth.
   Ranged Combat: Slings, Bows, Crossbows and Throwing.
 M - a ring of ice
 P - a ring of flight
 T - a ring of resist corrosion
Wands
 F - a wand of polymorph (6)
 K - a wand of flame (10)
 L - a wand of iceblast (5)
 O - a wand of digging (5)
Scrolls
 a - a scroll of noise
 d - 2 scrolls of poison
 g - 3 scrolls of blinking
 j - 4 scrolls of enchant weapon
 w - 7 scrolls of teleportation
 x - 3 scrolls of immolation
 A - a scroll of silence
 E - 2 scrolls of amnesia
 G - 2 scrolls of magic mapping
 S - a scroll of fog
Potions
 b - 2 potions of magic
 c - 4 potions of invisibility
 e - 3 potions of brilliance
 h - 3 potions of might
 i - a potion of attraction
 k - 2 potions of lignification
 m - a potion of ambrosia
 o - 4 potions of heal wounds
 p - 4 potions of curing
 s - a potion of cancellation
 v - 2 potions of mutation
 z - 3 potions of berserk rage


   Skills:
 + Level 12.1 Fighting
 - Level 5.7(10.0) Short Blades
 - Level 13.7(14.2) Long Blades
 - Level 5.0(6.2) Armour
 - Level 7.1(9.1) Dodging
 - Level 1.4(2.7) Stealth
 + Level 5.3(6.5) Shields
 - Level 4.0 Spellcasting
 + Level 5.3(6.5) Conjurations
 + Level 9.2 Fire Magic
 - Level 10.0 Ice Magic


You had 9 spell levels left.
You knew the following spells:

 Your Spells              Type           Power      Damage    Failure   Level
a - Scorch                Fire           84%        2d9       1%          2
b - Frozen Ramparts       Ice            92%        1d11      1%          3
c - Ozocubu's Armour      Ice            46%        N/A       1%          3
d - Sticky Flame          Conj/Fire      37%        2d6       14%         4

Your spell library contained the following spells:

 Spells                   Type           Power      Damage    Failure   Level
 Foxfire                  Conj/Fire      100%       2x1d9     1%          1
 Freeze                   Ice            100%       1d11      1%          1
 Conjure Flame            Conj/Fire      37%        6-21      4%          3
 Hailstorm                Conj/Ice       38%        3d9       12%         4
 Flame Wave               Conj/Fire      37%        2d9       14%         4
 Inner Flame              Hex/Fire       23%        N/A       16%         3
 Ignite Poison            Fire/Tmut/Pois 17%        N/A       28%         3
 Summon Small Mammal      Summ           16%        N/A       32%         1
 Call Canine Familiar     Summ           4%         N/A       69%         3
 Summon Guardian Golem    Hex/Summ       4%         N/A       69%         3
 Metabolic Englaciation   Hex/Ice        12%        N/A       77%         5
 Simulacrum               Ice/Necr       12%        N/A       100%        6
 Summon Cactus Giant      Summ           2%         N/A       100%        6


Dungeon Overview and Level Annotations

Branches:
Dungeon (13/15)            Temple (1/1) D:7            Lair (0/6) D:11
    Orc (0/2) D:9          Bailey (visited)
 Vaults: D:13-14

Altars:
Ashenzari
Okawaru
Qazlal
Ru
Trog
Uskayaw
Vehumet
Yredelemnul
Zin

Shops:
D:3 (*   D:7 [


Innate Abilities, Weirdness & Mutations

You passively map the area around you.
You are easily found by Zot.
You glow in the dark.
You regain HP and MP as you explore.


Message History

The wall freezes the titanic slime creature.
Aiming: Iceblast
Press: ? - help, Shift-Dir - straight line, f/p - tengu warrior
Aim: a tengu warrior, wielding a +0 longbow and wearing a +0 leather armour (severely wounded)
The mass of ice explodes!
The iceblast engulfs the tengu warrior!
You kill the tengu warrior!
A centaur warrior comes into view.
Okay, then.
Unknown command.
Aiming: Iceblast
Press: ? - help, Shift-Dir - straight line, f - titanic slime creature
Aim: a titanic slime creature (severely wounded, fleeing)
The mass of ice explodes!
The iceblast engulfs the titanic slime creature!
The titanic slime creature is almost dead.
The centaur warrior wields a +1 longbow of freezing.
It is covered in frost.
The centaur warrior shoots an arrow.
You reflect the arrow off your +3 warlock's mirror {reflect}!
The arrow hits the centaur warrior!!
The arrow freezes the centaur warrior!
Aiming: Iceblast
Press: ? - help, Shift-Dir - straight line, f/p - titanic slime creature
Aim: a titanic slime creature (almost dead, fleeing)
The mass of ice explodes!
The iceblast engulfs the titanic slime creature!
The titanic slime creature is almost dead.
The centaur warrior shoots an arrow.
You reflect the arrow off your +3 warlock's mirror {reflect}!
The arrow hits the centaur warrior!
The arrow freezes the centaur warrior.
The centaur warrior shoots an arrow.
The arrow hits you!
* * * LOW HITPOINT WARNING * * *
The arrow freezes you.
* * * LOW HITPOINT WARNING * * *
Aiming: Iceblast
Press: ? - help, Shift-Dir - straight line, f/p - titanic slime creature
Aim: a titanic slime creature (almost dead, fleeing)
The mass of ice explodes!
The iceblast engulfs the titanic slime creature!!
The titanic slime creature is almost dead.
The centaur warrior shoots an arrow.
The arrow hits you!!
You die...

......................#
* ,
.......#######........##
* *,
.......#.....#.........c
,, ,,
.......+.....#........#
* * ,
##+#...#.....'........#
,, #.. #.....#.....)..#
, ,, ,,.#######.......J#
* , , ................#
, , #####+###.@.....# ,,
,, , ,, ,#####...# * ,,,
, ,#...#######* , ,, * ,
, , ,#.......J.J , ,,,*
, ,, , ,
,,,#...QJ...QJ,, , * , ,
,,, #..........,,,, * +
#..########*** , , ,,, ,
...# * *, , ....#


You could see a titanic slime creature (fleeing) and a centaur warrior.

Vanquished Creatures
  Gastronok (D:12)
  Snorg (D:13)
  A boulder beetle (D:12)
  A two-headed ogre (D:11)
  A tengu warrior (D:13)
  Urug (D:13)
  A thrashing horror (Abyss:3)
  A wretched star (Abyss:3)
  9 wizards (D:12)
  A wolf spider zombie (D:12)
  2 ugly things (D:12)
  A cyclops (D:13)
  Maurice (D:11)
  A centaur zombie (D:12)
  A smoke demon (Abyss:3)
  A gargoyle (D:12)
  2 kobold demonologists (Bailey)
  4 unseen horrors
  A komodo dragon (D:12)
  An efreet (Abyss:3)
  3 trolls
  A hornet (D:9)
  A slime creature (D:13)
  A shadow (D:13)
  2 large abominations (Abyss:3)
  A vampire (D:11)
  A wyvern (D:8)
  22 yaks
  A small abomination (Abyss:3)
  4 steam dragons
  2 vampire mosquitoes (D:13)
  4 acid dragons
  14 orc warriors
  An ice beast (D:5)
  3 sky beasts (D:10)
  5 centaurs
  2 phantoms
  2 kobold brigands
  A bullfrog (D:11)
  A necrophage (D:6)
  4 scorpions
  6 wights (D:7)
  2 killer bees (D:11)
  4 electric eels
  5 howler monkeys
  A hound (D:5)
  Crazy Yiuf (D:2)
  A gnoll shaman (D:6)
  3 orc priests
  5 orc wizards
  3 iguanas
  5 gnolls
  3 adders
  A white imp (D:7)
  3 ufetubi
  2 worms
  4 dart slugs
  28 orcs
  3 endoplasms
  A giant cockroach (D:1)
  8 goblins
  7 hobgoblins
  A quokka (D:4)
  2 ball pythons (D:2)
  2 bats
  3 frilled lizards
  9 kobolds
  A rat (D:3)
223 creatures vanquished.

Vanquished Creatures (others)
  A wizard (D:12)
  A kobold (D:7)
  A fungus (D:11)
  15 plants
18 creatures vanquished.

Grand Total: 241 creatures vanquished

Notes
Turn   | Place    | Note
-------+----------+-------------------------------------------
     0 | D:1      | frimble the Meteoran Ice Elementalist began the quest for
                  | the Orb.
     0 | D:1      | Reached XP level 1. HP: 14/14 MP: 5/5
     2 | D:1      | Noticed a gargoyle
     2 | D:1      | Noticed a spriggan
     4 | D:1      | Noticed a vampire
     4 | D:1      | Noticed a naga
     6 | D:1      | Noticed a minotaur
     8 | D:1      | Noticed a dwarf
    10 | D:1      | Noticed an elf
    12 | D:1      | Noticed a troll
    14 | D:1      | Noticed a human
    14 | D:1      | Noticed a felid
    16 | D:1      | Noticed a demonspawn
    16 | D:1      | Noticed an ogre
    18 | D:1      | Noticed a vine stalker
    18 | D:1      | Noticed a formicid
    20 | D:1      | Noticed a demigod
    20 | D:1      | Noticed a draconian
    22 | D:1      | Noticed an octopode
    24 | D:1      | Noticed a ghoul
    24 | D:1      | Noticed a tengu
    26 | D:1      | Noticed a merfolk
   173 | D:1      | Reached XP level 2. HP: 22/22 MP: 6/6
   242 | D:2      | Identified the +7 dagger of Linearity {freeze, Dex+4}
   319 | D:2      | Found a radiant altar of Vehumet.
   418 | D:1      | Found Hiph's Assorted Antiques.
   434 | D:1      | Reached skill level 1 in Fighting
   434 | D:1      | Reached XP level 3. HP: 28/28 MP: 8/8
   583 | D:1      | Learned a level 3 spell: Frozen Ramparts
   587 | D:1      | Learned a level 3 spell: Ozocubu's Armour
   646 | D:2      | Found a runed translucent door.
   647 | D:2      | Noticed Crazy Yiuf
   659 | D:2      | Killed Crazy Yiuf
   660 | D:2      | Reached skill level 1 in Short Blades
   660 | D:2      | Reached XP level 4. HP: 27/35 MP: 3/10
   690 | D:3      | You fall into a shaft and drop 1 floor!
   783 | D:3      | Found Elotoita's General Store.
   806 | D:3      | Found Detun's Antique Weapon Shop.
   815 | D:3      | Reached skill level 5 in Ice Magic
   815 | D:3      | Reached XP level 5. HP: 32/41 MP: 11/11
   897 | D:3      | Found a faded altar of an unknown god.
   978 | D:3      | Found a stormy altar of Qazlal.
   978 | D:3      | Found an iron altar of Okawaru.
   978 | D:3      | Found a sacrificial altar of Ru.
   978 | D:3      | Found a hide-covered altar of Uskayaw.
  1072 | D:4      | Reached XP level 6. HP: 47/50 MP: 9/13
  1163 | D:5      | Entered Level 5 of the Dungeon
  1289 | D:5      | Noticed an ice beast
  1325 | D:5      | Killed an ice beast
  1326 | D:5      | Reached XP level 7. HP: 36/58 MP: 14/14
  1832 | D:6      | Reached XP level 8. HP: 63/67 MP: 15/15
  2040 | D:6      | Reached skill level 5 in Fighting
  2320 | D:6      | Reached skill level 5 in Short Blades
  2348 | D:7      | Identified the +1 ring mail of Eternal Night {rPois Stlth+}
  2368 | D:7      | Found Xeorghun's Antique Armour Shoppe.
  2376 | D:7      | Bought a runed helmet for 150 gold pieces
  2424 | D:7      | Gained mutation: You passively map the area around you.
                  | [Meteoran growth]
  2424 | D:7      | Reached XP level 9. HP: 54/75 MP: 11/16
  2493 | D:7      | Found a staircase to the Ecumenical Temple.
  2499 | Temple   | Entered the Ecumenical Temple
  2508 | Temple   | Became a worshipper of Ashenzari the Shackled
  2577 | D:7      | Reached skill level 1 in Long Blades
  2606 | D:7      | Identified the +6 mace "Sucweyd" {antimagic, rC+ Str+4}
  2619 | D:8      | Reached skill level 1 in Armour
  2629 | D:8      | Reached skill level 2 in Long Blades
  2718 | D:7      | Reached skill level 3 in Long Blades
  2782 | D:9      | Noticed a hornet
  2787 | D:9      | Killed a hornet
  2820 | D:10     | Entered Level 10 of the Dungeon
  2823 | D:10     | Noticed an unseen horror
  2830 | D:10     | Killed an unseen horror
  2831 | D:10     | Reached skill level 4 in Long Blades
  2833 | D:10     | Reached XP level 10. HP: 60/86 MP: 11/17
  2842 | D:10     | Reached skill level 5 in Long Blades
  2842 | D:10     | Reached skill level 5 in Armour
  2852 | D:10     | Found a flagged portal.
  2885 | D:10     | Reached skill level 6 in Long Blades
  2905 | Bailey   | Entered a bailey
  2991 | Bailey   | Reached skill level 10 in Ice Magic
  3000 | Bailey   | Learned a level 2 spell: Scorch
  3006 | Bailey   | Reached skill level 7 in Long Blades
  3022 | Bailey   | Reached XP level 11. HP: 69/95 MP: 9/18
  3083 | Bailey   | Acquired 697 gold pieces
  3114 | Bailey   | Reached skill level 1 in Fire Magic
  3249 | Bailey   | Found an iron altar of Okawaru.
  3269 | Bailey   | Reached skill level 13 in Long Blades
  3269 | Bailey   | Reached XP level 12. HP: 105/105 MP: 17/19
  3287 | Bailey   | Identified the +5 plate armour of Precision Catastrophes
                  | {SInv}
  3713 | D:9      | Reached * piety under Ashenzari
  3742 | D:9      | Reached skill level 10 in Fighting
  3929 | D:11     | Reached skill level 5 in Fire Magic
  3980 | D:12     | Reached skill level 5 in Dodging
  4058 | D:11     | Noticed Maurice
  4063 | D:11     | Killed Maurice
  4084 | D:11     | Noticed a two-headed ogre
  4090 | D:11     | Found a staircase to the Lair.
  4098 | D:11     | Killed a two-headed ogre
  4099 | D:11     | Reached XP level 13. HP: 72/114 MP: 20/20
  4106 | D:11     | Reached ** piety under Ashenzari
  4262 | D:12     | Identified the +9 mace of Imminent Death {speed, rF+ rC+
                  | SInv}
  4358 | D:12     | Learned a level 4 spell: Sticky Flame
  4362 | D:12     | Found a basalt altar of Yredelemnul.
  4448 | D:12     | Noticed Gastronok
  4449 | D:12     | Noticed a boulder beetle
  4477 | D:12     | Killed a boulder beetle
  4478 | D:12     | Reached skill level 1 in Shields
  4478 | D:12     | Reached skill level 1 in Conjurations
  4489 | D:12     | Killed Gastronok
  4566 | D:12     | Identified the +1 flail of Autumn {pain, rCorr Int-4 Dex+7}
  4766 | D:12     | Cast into level 2 of the Abyss (a wizard)
  4766 | Abyss:2  | Found a corrupted altar of Lugonu.
  4922 | D:12     | Escaped the Abyss
  5163 | D:12     | Found the +3 warlock's mirror {reflect}
  5388 | D:13     | Noticed Urug
  5404 | D:13     | Killed Urug
  5452 | D:13     | Noticed Snorg
  5481 | D:13     | Killed Snorg
  5482 | D:13     | Reached skill level 5 in Shields
  5482 | D:13     | Reached skill level 5 in Conjurations
  5482 | D:13     | Reached XP level 14. HP: 38/126 MP: 21/21
  5554 | D:13     | Shot with an arrow by a centaur warrior

Illustrated notes

Levels and vault maps discovered:
D:1:      kb_arrival_jail, layout_basic, serial_shops, shop,
          nicolae_shop_bloodbath_and_beyond, shop_fountains,
          nicolae_concentric_dashed_squares_mild, chequers_jeans
D:2:      layout_rooms, basic_altar, kennysheep_generic_room_8,
          uniq_crazy_yiuf_cottage
D:3:      layout_rooms, nicolae_overflow_hidden_temple, serial_shops, shop,
          nicolae_diamond_shop, ebering_ecumenical_altar_mist, uniq_terence
D:4:      layout_loops_cross
D:5:      layout_rooms
D:6:      layout_loops_corners, kennysheep_cross_room
D:7:      cheibrodos_iron_armory, layout_loops_ring, minmay_temple_entry_fiery,
          serial_shops, shop, hangedman_decor_opposing, serial_bayou_pond_d,
          serial_bayou_pond_c
D:8:      layout_rooms
D:9:      layout_basic, erik_orc_1, uniq_pikel
D:10:     layout_rooms, enter_bailey_6, hangedman_misty_isle
D:11:     layout_basic, grunt_lair_entry_orc_guard_hut, uniq_sonja, uniq_maurice
D:12:     minmay_smoke_and_mirrors, layout_irregular_city,
          lemuel_zombie_altar_yredelemnul, uniq_gastronok
D:13:     layout_irregular_city, uniq_snorg, uniq_urug
Temple:   regret_index_temple_mists

Skill      XL: |  1  2  3  4  5  6  7  8  9 10 11 12 13 |
---------------+----------------------------------------+-----
Spellcasting   | 3 4 |  4.0
Fighting       | 1 2 3 4 5 7 8 9 10 12 | 12.1
Short Blades   | 1 2 3 4 5 |  5.7
Ice Magic      | 5 6 7 8 10 | 10.0
Long Blades    | 4 7 13 | 13.7
Armour         | 4 5 |  5.0
Fire Magic     | 3 6 9 |  9.2
Dodging        | 5 7 |  7.1
Shields        | 5 |  5.3
Conjurations   | 5 |  5.3
Stealth        | |  1.4

Action                   |  1- 3 |  4- 6 |  7- 9 | 10-12 | 13-15 || total
-------------------------+-------+-------+-------+-------+-------++-------
Melee: Unarmed           |     4 |       |       |       |       ||     4
       Dagger            |    18 |    98 |   181 |     1 |       ||   298
       Punch             |       |       |     1 |     3 |     2 ||     6
       Long sword        |       |       |       |   212 |   216 ||   428
Throw: Javelin           |       |       |       |       |     2 ||     2
 Cast: Freeze            |     9 |       |       |       |       ||     9
       Frozen Ramparts   |     1 |     5 |    10 |    22 |    20 ||    58
       Ozocubu's Armour  |     1 |     2 |     7 |    13 |    13 ||    36
       Scorch            |       |       |       |     8 |       ||     8
Invok: Curse Item        |       |       |       |     2 |     2 ||     4
Evoke: Wand              |       |       |       |       |    10 ||    10
  Use: Scroll            |     2 |     7 |       |     5 |     2 ||    16
       Potion            |       |       |       |     1 |     1 ||     2
 Stab: Sleeping          |       |       |       |       |     1 ||     1
Armor: Robe              |    10 |    40 |    29 |       |       ||    79
       Ring mail         |       |       |    23 |   132 |    91 ||   246
Dodge: Dodged            |     9 |    54 |    94 |    93 |   119 ||   369
Block: Buckler           |       |       |       |       |    38 ||    38
       Reflection        |       |       |       |       |     4 ||     4

Table legend: (Time is in decaauts)
 A = Elapsed time spent in this place.
 B = Non-inter-level travel time spent in this place.
 C = Inter-level travel time spent in this place.
 D = Time resting spent in this place.
 E = Time spent auto-exploring this place.
 F = Levels seen in this place.
 G = Mean time per level.
                   A        B        C        D        E       F      G
               +--------+--------+--------+--------+--------+-----+--------+
         Total |   5407 |   4825 |    582 |      0 |   2518 |  17 |  318.1 |
       Dungeon |   4834 |   4271 |    563 |      0 |   2518 |  13 |  371.8 |
        Temple |     23 |      5 |     18 |      0 |      0 |   1 |   23.0 |
         Abyss |    145 |    145 |      0 |      0 |      0 |   2 |   72.5 |
        Bailey |    404 |    404 |      0 |      0 |      0 |   1 |  404.0 |
               +--------+--------+--------+--------+--------+-----+--------+

Top non-repeatable levels by time:
    D:12: 1002 daAuts
     D:6: 691 daAuts
    D:10: 489 daAuts
     D:2: 419 daAuts
     D:5: 407 daAuts
  Bailey: 404 daAuts
     D:7: 362 daAuts
    D:11: 285 daAuts
     D:1: 265 daAuts
     D:3: 257 daAuts
     D:4: 254 daAuts
    D:13: 219 daAuts
     D:9: 130 daAuts
 Abyss:3: 129 daAuts
     D:8: 49 daAuts
